 Dungeon Crawl Stone Soup version 0.30-a0-613-gdd512c7efb (webtiles) character file.

Game seed: 8983712052416722313

51270 wormed the Basher (level 14, -2/77 HPs)
             Began as a Vine Stalker Fighter on Jan 9, 2023.
             Slain by a fire dragon (4 damage)
             ... on level 5 of the Lair of Beasts.
             The game lasted 00:28:18 (15237 turns).

wormed the Basher (Vine Stalker Fighter)           Turns: 15237, Time: 00:28:19

Health: -2/77      AC: 16    Str: 23    XL:     14   Next: 58%
Magic:  0/15       EV: 17    Int:  8    God:
Gold:   1503       SH:  7    Dex: 15    Spells: 13/13 levels left

rFire   . . .      SeeInvis .    v - +4 flail (chaos)
rCold   . . .      Faith    .    c - +0 buckler
rNeg    . . .      Spirit   +    B - +0 troll leather armour
rPois   .          Reflect  .    p - +0 helmet
rElec   .          Harm     .    Z - +1 cloak {Will+}
rCorr   .          Rampage  .    t - +0 pair of gloves
Will    +++..                    D - +0 pair of boots
Stlth   +                        x - amulet of magic regeneration
HPRegen 1.92/turn                e - +4 ring of protection
MPRegen 0.54/turn                r - ring of willpower

@: hasted, very quick
A: fangs 3, regeneration 1, magic shield, antimagic bite, no potion heal 2
a: no special abilities


You were on level 5 of the Lair of Beasts.
You visited 3 branches of the dungeon, and saw 17 of its levels.
You also visited: Sewer and Bailey.

You collected 1701 gold pieces.
You spent 198 gold pieces at shops.

Inventory:

Hand Weapons
 v - a +4 flail of chaos (weapon)
Missiles
 h - 6 silver javelins
 n - 85 poisoned darts
 J - 5 curare-tipped darts (quivered)
 P - 2 atropa-tipped darts
 S - 8 datura-tipped darts
 U - a throwing net
Armour
 c - a +0 buckler (worn)
 p - a +0 helmet (worn)
 t - a +0 pair of gloves (worn)
 B - a +0 troll leather armour (worn)
 D - a +0 pair of boots (worn)
 Q - a +0 tower shield
 Z - a +1 cloak of willpower (worn)
Jewellery
 e - a +4 ring of protection (left hand)
 g - a ring of positive energy
 o - a ring of willpower
 r - a ring of willpower (right hand)
 x - an amulet of magic regeneration (around neck)
 A - a ring of protection from fire
Wands
 a - a wand of digging (4)
 b - a wand of mindburst (24)
 m - a wand of polymorph (3)
 z - a wand of flame (31)
 E - a wand of iceblast (15)
 K - a wand of paralysis (17)
 L - a wand of acid (17)
Scrolls
 f - 7 scrolls of teleportation
 i - 2 scrolls of fog
 j - 9 scrolls of identify
 k - 3 scrolls of fear
 l - a scroll of silence
 w - 4 scrolls of enchant armour
 y - 6 scrolls of amnesia
 G - a scroll of immolation
 N - 3 scrolls of magic mapping
 R - 2 scrolls of brand weapon
 V - a scroll of butterflies
 X - a scroll of enchant weapon
Potions
 d - 2 potions of might
 q - 5 potions of curing
 s - 6 potions of resistance
 u - 3 potions of mutation
 C - 2 potions of cancellation
 F - 2 potions of invisibility
 I - 6 potions of attraction
 M - a potion of magic
 W - 2 potions of lignification


   Skills:
 + Level 10.0 Fighting
 * Level 13.6 Maces & Flails
 + Level 9.2 Armour
 + Level 11.2 Dodging
 + Level 10.1 Shields


You had 13 spell levels left.
You didn't know any spells.
Your spell library contained the following spells:

 Spells                   Type           Power      Damage    Failure   Level
 Apportation              Tloc           0%         N/A       52%         1
 Beastly Appendage        Tmut           0%         N/A       52%         1
 Magic Dart               Conj           0%         1d3       52%         1
 Summon Small Mammal      Summ           0%         N/A       52%         1
 Blink                    Tloc           0%         N/A       65%         2
 Searing Ray              Conj           0%         2d4       65%         2
 Wereblood                Tmut           0%         N/A       65%         2
 Call Canine Familiar     Summ           0%         N/A       87%         3
 Inner Flame              Hex/Fire       0%         N/A       87%         3
 Spider Form              Tmut/Pois      0%         N/A       87%         3
 Summon Guardian Golem    Hex/Summ       0%         N/A       87%         3
 Flame Wave               Conj/Fire      0%         2d4       99%         4
 Fulminant Prism          Conj/Hex       0%         3d5       99%         4
 Manifold Assault         Tloc           0%         N/A       99%         4
 Sticky Flame             Conj/Fire      0%         2d3       99%         4
 Alistair's Intoxication  Tmut/Pois      0%         N/A       100%        5
 Storm Form               Tmut/Air       0%         N/A       100%        7


Dungeon Overview and Level Annotations

Branches:
Dungeon (11/15)            Temple (1/1) D:7            Lair (5/5) D:11
  Swamp (0/4) Lair:3        Snake (0/4) Lair:2        Slime (0/5) Lair:4
    Orc (0/2) D:9           Sewer (visited)          Bailey (visited)

Altars:
Ashenzari
Cheibriados
Dithmenos
Elyvilon
Fedhas
Gozag
Hepliaklqana
Makhleb
Nemelex Xobeh
Okawaru
Qazlal
Ru
Sif Muna
Trog
Uskayaw
Vehumet
Wu Jian
Xom
Yredelemnul
Zin
The Shining One

Shops:
D:6 *   D:7 *

Annotations:
D:3 3 runed translucent doors, jfcaron's ghost, amateur HODe
Temple 2 transporters
Lair:1 1 runed translucent door, Folaraff's ghost, journeyman HOFi
Lair:2 1 runed translucent door, crescentfresh's ghost, journeyman TeCj


Innate Abilities, Weirdness & Mutations

You have razor-sharp teeth.
Your natural rate of healing is unusually fast.
When hurt, damage is shared between your health and your magic reserves.
Your bite disrupts and absorbs the magic of your enemies.
Potions cannot restore your health.


Message History

You enter the shallow water.
Moving in this stuff is going to be slow.
The steam dragon bites you! You block the steam dragon's attack.
The steam dragon rages.
You block the steam dragon's attack.
The steam dragon claws you but does no damage.
You see here a swamp drake corpse.
The steam dragon is no longer berserk.
The steam dragon breathes steam at you. The ball of steam misses you.
The fire dragon breathes flames at you. The blast of flame hits you!
Throw: 7 darts (curare)
Press: ? - help, Q - select action, (/) - cycle Shift-Dir - straight line, f - fire dragon
Aim: a fire dragon (moderately wounded, fast, catching its breath, 71% to hit)
You throw a curare-tipped dart.
The curare-tipped dart hits the fire dragon.
The fire dragon is moderately wounded.
You are engulfed in a cloud of scalding steam.
The fire dragon barely misses you.
The fire dragon claws you but does no damage.
The fire dragon closely misses you.
Throw: 6 darts (curare)
Press: ? - help, Q - select action, (/) - cycle Shift-Dir - straight line, f - steam dragon, p - fire dragon
Aim: a steam dragon (steam, lightly wounded, slow, 64% to hit)
You throw a curare-tipped dart.
The curare-tipped dart closely misses the steam dragon.
You are engulfed in a cloud of scalding steam.
The fire dragon bites you. The fire dragon misses you.
The fire dragon tramples you but does no damage.
The fire dragon breathes flames at you. The blast of flame hits you!!!
* * * LOW HITPOINT WARNING * * *
You feel yourself speed up.
You are engulfed in a cloud of scalding steam.
* * * LOW HITPOINT WARNING * * *
The fire dragon barely misses you. The fire dragon claws you.
* * * LOW HITPOINT WARNING * * *
The fire dragon tramples you.
You die...

♣♣...~~.♣♣
♣♣♣♣.†~♣♣#..........
♣..P~≈≈~.♣♣♣♣.♣♣.~♣♣
#..........
♣♣.P~≈≈D.♣~♣...♣♣~~♣♣
#..#.#...#.
♣...~P♣♣~~.♣♣..♣♣♣~.♣
###..######
♣.~~~P.♣♣♣~..♣..♣.≈~♣
#.#.#
♣§≈≈~.♣♣..~..♣..♣.~♣♣
#####
♣D≈≈≈~.♣♣~≈♣.♣♣♣≈†§.♣
♣D≈≈≈≈~♣♣♣~§..♣♣§.♣♣♣
♣~≈≈~...♣♣P~≈♣♣D@♣..♣
♣~≈≈≈~.♣♣♣♣..≈≈D♣♣.♣♣
##### ♣.~≈≈~.$.
♣♣..~...P♣ ######..##
♣♣.~≈≈..? ♣♣(.....♣
##.P....#.. .~≈≈~.)
♣~~.♣.♣♣ #..........
♣..~..? ♣≈...♣♣
#.......... ♣~~≈..♣
#.##..#.#.. ♣~....♣♣
#########.. ♣~~P..♣♣
###


You could see a fire dragon (fast, catching breath) and a steam dragon (slow).

Vanquished Creatures
  Josephine (D:10)
  2 hydras
  An anaconda (Lair:5)
  A two-headed ogre (D:7)
  Sonja (Lair:4)
  2 bog bodies (Lair:3)
  An orc knight (Bailey)
  A deep elf pyromancer (D:7)
  2 cyclopes (D:11)
  A manticore (Lair:5)
  13 elephants
  A guardian serpent (shapeshifter) (Lair:2)
  Maurice (D:11)
  3 black mambas
  2 gargoyles
  4 cane toads
  4 rime drakes
  A kobold demonologist (D:10)
  7 komodo dragons
  3 trolls
  12 polar bears
  Prince Ribbit (D:5)
  A hornet (D:9)
  12 blink frogs
  6 dream sheep (Lair:4)
  A shadow (D:11)
  A slime creature (D:7)
  6 wraiths
  56 yaks
  8 wyverns
  7 basilisks
  A vampire mosquito (D:11)
  3 steam dragons
  Menkaure (D:6)
  6 wargs (Lair:5)
  15 hell hounds (Lair:5)
  Edmund (D:6)
  2 acid dragons
  20 water moccasins
  3 swamp drakes (Lair:5)
  An ice beast (Temple)
  A sky beast (D:6)
  15 black bears
  6 orc warriors
  An ogre (D:7)
  26 wolves
  3 centaurs
  2 phantoms
  Blork the orc (D:4)
  14 kobold brigands
  7 bullfrogs
  2 gnoll sergeants
  2 necrophages
  3 scorpions
  19 wights
  20 killer bees
  6 howler monkeys
  5 electric eels
  2 gnoll boudas
  8 orc priests
  A jelly (D:4)
  5 iguanas
  Terence (D:2)
  5 hell rats (Lair:5)
  9 orc wizards
  8 gnolls
  4 river rats
  15 adders
  5 white imps
  7 worms
  4 dart slugs
  35 orcs
  10 ball pythons
  4 bats
  13 endoplasms
  3 giant cockroaches
  10 goblins
  6 hobgoblins
  35 kobolds
  3 quokkas
  3 frilled lizards
  12 rats
557 creatures vanquished.

Vanquished Creatures (others)
  An iguana (Lair:5)
  An orc wizard (D:7)
  A kobold (D:8)
  19 fungi
  64 plants
86 creatures vanquished.

Grand Total: 643 creatures vanquished

Notes
Turn   | Place    | Note
-------+----------+-------------------------------------------
     0 | D:1      | wormed the Vine Stalker Fighter began the quest for the
                  | Orb.
     0 | D:1      | Reached XP level 1. HP: 11/11 MP: 2/2
   166 | D:1      | Reached skill level 2 in Maces & Flails
   167 | D:1      | Reached XP level 2. HP: 16/16 MP: 3/3
   714 | D:2      | Reached XP level 3. HP: 19/19 MP: 4/4
  1046 | D:2      | Noticed Terence
  1056 | D:2      | Killed Terence
  1057 | D:2      | Reached skill level 1 in Dodging
  1057 | D:2      | Gained mutation: Your natural rate of healing is unusually
                  | fast. [Vine Stalker growth]
  1057 | D:2      | Reached XP level 4. HP: 16/24 MP: 5/5
  1438 | D:3      | Found a runed translucent gate.
  1438 | D:3      | Found a runed translucent gate.
  1438 | D:3      | Found a runed translucent gate.
  1442 | D:3      | Noticed jfcaron's ghost (amateur HODe)
  1569 | D:3      | Found a glowing drain.
  1592 | Sewer    | Entered a sewer
  1650 | Sewer    | Reached XP level 5. HP: 22/28 MP: 4/6
  1696 | Sewer    | Noticed a kobold brigand
  1708 | Sewer    | Killed a kobold brigand
  1709 | Sewer    | Reached skill level 3 in Maces & Flails
  1825 | Sewer    | Noticed a kobold brigand
  1840 | Sewer    | Killed a kobold brigand
  1841 | Sewer    | Reached XP level 6. HP: 29/32 MP: 5/7
  2243 | Sewer    | Reached XP level 7. HP: 37/37 MP: 8/8
  2392 | D:3      | Reached skill level 4 in Maces & Flails
  2404 | D:3      | Found a faded altar of an unknown god.
  2780 | D:3      | Found an opulent altar of Gozag.
  3457 | D:4      | Noticed Blork the orc
  3473 | D:4      | Killed Blork the orc
  3932 | D:5      | Entered Level 5 of the Dungeon
  4049 | D:5      | Gained mutation: You have razor-sharp teeth. [Vine Stalker
                  | growth]
  4049 | D:5      | Reached XP level 8. HP: 34/42 MP: 9/9
  4071 | D:5      | Noticed a troll
  4076 | D:5      | Reached skill level 5 in Maces & Flails
  4092 | D:5      | Killed a troll
  4242 | D:5      | Noticed Prince Ribbit
  4270 | D:5      | Killed Prince Ribbit
  4302 | D:5      | Identified the +5 quarterstaff "Ynyqyeb" {speed, Int+3}
  4476 | D:6      | Found a shadowy altar of Dithmenos.
  4486 | D:6      | Found a shimmering altar of Xom.
  4489 | D:6      | Found a shimmering blue altar of Sif Muna.
  4490 | D:6      | Found a glowing silver altar of Zin.
  4506 | D:6      | Found an iron altar of Okawaru.
  4564 | D:6      | Found Xewarrorph's General Store.
  4664 | D:6      | Noticed Menkaure
  4670 | D:6      | Reached skill level 6 in Maces & Flails
  4670 | D:6      | Reached skill level 5 in Shields
  4672 | D:6      | Killed Menkaure
  4673 | D:6      | Reached skill level 5 in Fighting
  4673 | D:6      | Reached XP level 9. HP: 42/47 MP: 7/10
  4994 | D:6      | Noticed Edmund
  5009 | D:6      | Killed Edmund
  5174 | D:7      | Reached skill level 7 in Maces & Flails
  5174 | D:7      | Reached skill level 5 in Dodging
  5185 | D:7      | Reached skill level 5 in Armour
  5205 | D:7      | Found a staircase to the Ecumenical Temple.
  5268 | D:7      | Noticed a two-headed ogre
  5268 | D:7      | Noticed a gargoyle
  5281 | D:7      | Noticed a purple ugly thing
  5294 | Temple   | Entered the Ecumenical Temple
  5294 | Temple   | Found a transporter.
  5294 | Temple   | Found a transporter.
  5306 | Temple   | Found a transporter.
  5306 | Temple   | Found a transporter.
  5327 | Temple   | Became a worshipper of Elyvilon the Healer
  5338 | Temple   | Fell from the grace of Elyvilon
  5406 | D:7      | Identified the +1 chain mail of the Mackerel {rElec rC+
                  | Str+3 Dex+3}
  5406 | D:7      | Noticed a deep elf pyromancer
  5447 | D:7      | Found Orue's Assorted Antiques.
  5496 | D:6      | Reached XP level 10. HP: 53/53 MP: 11/11
  5672 | D:7      | Bought a scroll of identify for 32 gold pieces
  5672 | D:7      | Bought a scroll of blinking for 120 gold pieces
  5672 | D:7      | Bought a scroll of identify for 32 gold pieces
  5672 | D:7      | Bought a sedimented green potion for 14 gold pieces
  5749 | D:7      | Killed a gargoyle
  5801 | D:7      | Killed a two-headed ogre
  5802 | D:7      | Reached skill level 8 in Maces & Flails
  5905 | D:7      | Killed a deep elf pyromancer
  6579 | D:8      | Reached XP level 11. HP: 55/58 MP: 12/12
  7146 | D:8      | Reached skill level 9 in Maces & Flails
  7234 | D:9      | Found a hazy altar of Hepliaklqana.
  7406 | D:9      | Found a flagged portal.
  7428 | Bailey   | Entered a bailey
  7617 | Bailey   | Noticed an orc knight
  7671 | Bailey   | Killed an orc knight
  7700 | Bailey   | Found an iron altar of Okawaru.
  8075 | D:9      | Found a staircase to the Orcish Mines.
  8229 | D:9      | Paralysed by a hornet for 3 turns
  8297 | D:10     | Entered Level 10 of the Dungeon
  8421 | D:10     | Noticed Josephine
  8437 | D:10     | Killed Josephine
  8689 | D:10     | Reached skill level 10 in Maces & Flails
  9097 | D:11     | Noticed a cyclops
  9113 | D:11     | Killed a cyclops
  9266 | D:11     | Noticed a cyclops
  9274 | D:11     | Killed a cyclops
  9302 | D:11     | Reached XP level 12. HP: 63/63 MP: 13/13
  9358 | D:11     | Found a staircase to the Lair.
  9719 | D:11     | Noticed Maurice
  9770 | D:11     | Killed Maurice
 10293 | Lair:1   | Entered Level 1 of the Lair of Beasts
 10380 | Lair:1   | Found a runed translucent door.
 10386 | Lair:1   | Noticed Folaraff's ghost (journeyman HOFi)
 10388 | Lair:1   | Identified the +7 trident "Zetusk" {antimagic, +Blink rElec
                  | rCorr Dex-3}
 11202 | Lair:2   | Found a runed translucent door.
 11202 | Lair:2   | Noticed crescentfresh's ghost (journeyman TeCj)
 11244 | Lair:2   | Reached skill level 11 in Maces & Flails
 11454 | Lair:2   | Found a staircase to the Snake Pit.
 11599 | Lair:2   | Reached XP level 13. HP: 55/69 MP: 14/14
 11672 | Lair:2   | Reached skill level 10 in Dodging
 12270 | Lair:3   | Found a staircase to the Swamp.
 12289 | Lair:3   | Reached skill level 12 in Maces & Flails
 13074 | Lair:4   | Found a staircase to the Slime Pits.
 13394 | Lair:4   | Noticed Sonja
 13402 | Lair:4   | Killed Sonja
 13736 | Lair:5   | Entered Level 5 of the Lair of Beasts
 14002 | Lair:4   | Reached XP level 14. HP: 75/75 MP: 15/15
 14264 | Lair:5   | Reached skill level 13 in Maces & Flails
 14676 | Lair:5   | Reached skill level 10 in Shields
 14998 | Lair:5   | Reached skill level 10 in Fighting
 15236 | Lair:5   | HP: 3/77 [fire dragon/blast of flame (31)]
 15237 | Lair:5   | HP: 1/77 [steam dragon] (2)]
 15237 | Lair:5   | Slain by a fire dragon

Illustrated notes

Levels and vault maps discovered:
D:1:      amcnicky_arrival_abandoned_market, layout_basic, minivault_27
D:2:      layout_loops_ring, uniq_terence
D:3:      layout_basic, nicolae_gozag_cash_rules_everything_around_me,
          nicolae_ecumenical_snake_handling, gup_sewer_entry_bubbles,
          ebering_ghost_rock_garden
D:4:      layout_loops_ring, uniq_blork_the_orc
D:5:      layout_rooms, minmay_manual_monolith, uniq_prince_ribbit1
D:6:      layout_basic, nicolae_overflow_hallway_of_the_gods, serial_shops,
          nicolae_inconvenience_store, small_statue_intersection, uniq_edmund,
          uniq_menkaure
D:7:      minmay_the_grid_square_5x5_3x3 [minmay_the_grid_square_5x5_corner,
          minmay_the_grid_square_5x5_almost_minimal,
          minmay_the_grid_square_5x5_shrine1, minmay_the_grid_square_5x5_v,
          minmay_the_grid_square_5x5_megaprize_open,
          minmay_the_grid_square_5x5_n, minmay_the_grid_square_5x5_eight,
          minmay_the_grid_square_5x5_plus,
          minmay_the_grid_square_5x5_broken_cross], layout_basic,
          minmay_temple_entry_sparse_star, serial_shops, nicolae_shop_trees
D:8:      layout_layer_cave, minmay_diced_spiral
D:9:      layout_cave_pods, nzn_hepliaklqana_mist_gate, orc_0_dummy,
          enter_bailey_5
D:10:     layout_loops_ring, uniq_josephine
D:11:     layout_layer_cave, minmay_lair_entry_grove, uniq_maurice
Temple:   hellmonk_temple_divided_pantheon
Lair:1:   layout_roguey, ebering_ghost_funeral_grove,
          nicolae_quartered_pool_super
Lair:2:   layout_chaotic_city, minmay_snake_entry_six_corridors,
          gammafunk_ghost_grave, dreamdust_gnoll_shepherd, lemuel_fruit_tree,
          infiniplex_staircase_pool
Lair:3:   layout_cave_pods, skrybe_swamp_entry_bodies, beast_lair_carwin_11
Lair:4:   layout_roguey, slime_entry_1, serial_bayou_shore_a,
          grunt_megastairs_2, uniq_sonja
Lair:5:   guppyfry_lair_end_dragon, layout_long_grid,
          hangedman_lair_caniforms_friends, st_stairs_4

Skill      XL: |  1  2  3  4  5  6  7  8  9 10 11 12 13 14 |
---------------+-------------------------------------------+-----
Maces & Flails | 2 3 4 6 7 8 10 11 12 13 | 13.6
Fighting       | 3 4 5 6 7 8 9 10 | 10.0
Shields        | 3 4 5 6 7 8 9 10 | 10.1
Dodging        | 1 2 4 5 7 8 9 10 11 | 11.2
Armour         | 3 4 5 6 7 8 9 |  9.2

Action                   |  1- 3 |  4- 6 |  7- 9 | 10-12 | 13-15 || total
-------------------------+-------+-------+-------+-------+-------++-------
Melee: Flail             |    55 |   146 |   343 |   720 |   758 ||  2022
       Bite              |    13 |    25 |    92 |   212 |   304 ||   646
Throw: Dart              |       |    27 |    25 |    18 |     7 ||    77
       Javelin           |       |       |     6 |     4 |       ||    10
Invok: Renounce Religion |       |       |     1 |       |       ||     1
Evoke: Wand              |       |       |       |     9 |     3 ||    12
  Use: Scroll            |       |       |    17 |    10 |     1 ||    28
       Potion            |       |       |       |       |     1 ||     1
 Stab: Petrifying        |       |       |       |     1 |     1 ||     2
       Confused          |       |       |       |     1 |     3 ||     4
       Paralysed         |       |       |       |       |     1 ||     1
       Sleeping          |       |       |       |       |     1 ||     1
Armor: Scale mail        |    21 |    58 |    99 |       |       ||   178
       Troll leather arm |       |       |   118 |   274 |   266 ||   658
Dodge: Dodged            |    24 |    65 |   205 |   501 |   620 ||  1415
Block: Buckler           |     6 |    20 |   101 |   232 |   265 ||   624

Table legend: (Time is in decaauts)
 A = Elapsed time spent in this place.
 B = Non-inter-level travel time spent in this place.
 C = Inter-level travel time spent in this place.
 D = Time resting spent in this place.
 E = Time spent auto-exploring this place.
 F = Levels seen in this place.
 G = Mean time per level.
                   A        B        C        D        E       F      G
               +--------+--------+--------+--------+--------+-----+--------+
         Total |  15412 |  14749 |    663 |    140 |  10450 |  19 |  811.2 |
       Dungeon |   9320 |   8893 |    427 |    100 |   6635 |  11 |  847.3 |
        Temple |     54 |     54 |      0 |      0 |      6 |   1 |   54.0 |
          Lair |   4787 |   4551 |    236 |      3 |   3100 |   5 |  957.4 |
         Sewer |    907 |    907 |      0 |      0 |    601 |   1 |  907.0 |
        Bailey |    342 |    342 |      0 |     37 |    107 |   1 |  342.0 |
               +--------+--------+--------+--------+--------+-----+--------+

Top non-repeatable levels by time:
  Lair:5: 1221 daAuts
    D:11: 1190 daAuts
     D:3: 1138 daAuts
  Lair:4: 1017 daAuts
     D:8: 971 daAuts
  Lair:2: 962 daAuts
   Sewer: 907 daAuts
  Lair:3: 905 daAuts
     D:7: 878 daAuts
     D:6: 821 daAuts
     D:4: 806 daAuts
     D:9: 806 daAuts
    D:10: 800 daAuts
  Lair:1: 680 daAuts
     D:1: 679 daAuts
